3L
THUNDER BAY NORTHERN LIONS BC @ KINGSTON TOWNSHIP LEGION
07/17/2031
 
TOP OF THE 1ST
Thunder Bay Northern Lions BC batting - Pitching for Kingston Township Legion : LHP Jason Schneider
Pitching: LHP Jason Schneider
Batting: LHB Carlos Germán 0-0: Fly out, F3 (Flyball, 3D)
Batting: RHB António Mendoza 0-0: Ball
1-0: Called Strike
1-1: DOUBLE (Flyball, 89XD)
Batting: LHB Luis Freitas 0-0: Ball
1-0: Called Strike
1-1: Swinging Strike
1-2: Ball
2-2: Ball
3-2: Foul Ball, location: 2F
3-2: Ground out 4-3 (Groundball, 4)
António Mendoza to third
Batting: LHB David Smith 0-0: Swinging Strike
0-1: Swinging Strike
0-2: Ball
1-2: Foul Ball, location: 2F
1-2: Foul Ball, location: 2F
1-2: Ground out 4-3 (Groundball, 4)
Top of the 1st over - 0 runs, 1 hit, 0 errors, 1 left on base; Thunder Bay 0 - Kingston Township 0
BOTTOM OF THE 1ST
Kingston Township Legion batting - Pitching for Thunder Bay Northern Lions BC : RHP Anatoly Ivanovich
Pitching: RHP Anatoly Ivanovich
Batting: LHB Ruben Yim 0-0: Called Strike
0-1: Bunt missed!
0-2: Ball
1-2: Ball
2-2: Foul Ball, location: 2F
2-2: Fly out, F3 (Popup, 3S)
Batting: RHB Jim Scott 0-0: Foul Ball, location: 2F
0-1: Called Strike
0-2: Ball
1-2: Ground out 5-3 (Groundball, 56S)
Batting: RHB EP Weston 0-0: Ball
1-0: Ball
2-0: Foul Ball, location: 2F
2-1: Foul Ball, location: 2F
2-2: Foul Ball, location: 2F
2-2: Ball
3-2: Base on Balls
Batting: RHB Ron Bernard 0-0: Ball
1-0: Called Strike
1-1: Ball
2-1: Foul Ball, location: 2F
2-2: Foul Ball, location: 2F
2-2: Ground out 5-3 (Groundball, 5S)
Bottom of the 1st over - 0 runs, 0 hits, 0 errors, 1 left on base; Thunder Bay 0 - Kingston Township 0
TOP OF THE 2ND
Thunder Bay Northern Lions BC batting - Pitching for Kingston Township Legion : LHP Jason Schneider
Batting: RHB Denis Higgins 0-0: Ball
1-0: Called Strike
1-1: Ground out 6-3 (Groundball, 6)
Batting: RHB Kenneth Noid 0-0: Ball
1-0: Ball
2-0: Ball
3-0: Called Strike
3-1: Swinging Strike
3-2: Base on Balls
Batting: RHB Bartolo Morales 0-0: Called Strike
0-1: Ball
1-1: Ball
2-1: Foul Ball, location: 2F
2-2: Fly out, F3 (Popup, 3SF)
Batting: RHB Rafael Pueblo 0-0: Called Strike
0-1: Ground out 5-3 (Groundball, 5S)
Top of the 2nd over - 0 runs, 0 hits, 0 errors, 1 left on base; Thunder Bay 0 - Kingston Township 0
BOTTOM OF THE 2ND
Kingston Township Legion batting - Pitching for Thunder Bay Northern Lions BC : RHP Anatoly Ivanovich
Batting: RHB Clarence Neal 0-0: Ball
1-0: Ball
2-0: Called Strike
2-1: Foul Ball, location: 2F
2-2: Foul Ball, location: 2F
2-2: Foul Ball, location: 2F
2-2: Foul Ball, location: 2F
2-2: Fly out, F8 (Flyball, 8LD)
Batting: RHB Dani Trejo 0-0: Ball
1-0: Fly out, F9 (Flyball, 9S)
Batting: RHB Júlio Rodríguez 0-0: Ball
1-0: Ball
2-0: Called Strike
2-1: Ground out 3-1 (Groundball, 34)
Bottom of the 2nd over - 0 runs, 0 hits, 0 errors, 0 left on base; Thunder Bay 0 - Kingston Township 0
TOP OF THE 3RD
Thunder Bay Northern Lions BC batting - Pitching for Kingston Township Legion : LHP Jason Schneider
Batting: RHB Pedro Torres 0-0: Ball
1-0: Ground out 5-3 (Groundball, 56)
Batting: LHB Carlos Germán 0-0: Ball
1-0: Fly out, F9 (Flyball, 89D)
Batting: RHB António Mendoza 0-0: Ball
1-0: Ball
2-0: Called Strike
2-1: Ball
3-1: Base on Balls
Batting: LHB Luis Freitas 0-0: Called Strike
0-1: Ball
1-1: Ball
2-1: Called Strike
2-2: Strikes out swinging
Top of the 3rd over - 0 runs, 0 hits, 0 errors, 1 left on base; Thunder Bay 0 - Kingston Township 0
BOTTOM OF THE 3RD
Kingston Township Legion batting - Pitching for Thunder Bay Northern Lions BC : RHP Anatoly Ivanovich
Batting: RHB José Icaza 0-0: Fly out, F7 (Flyball, 7)
Batting: RHB Juanito González 0-0: Called Strike
0-1: Foul Ball, location: 2F
0-2: Ball
1-2: Fly out, F6 (Line Drive, 6)
Batting: LHB Ruben Yim 0-0: Ball
1-0: Called Strike
1-1: Ball
2-1: SINGLE (Flyball, 7S)
Batting: RHB Jim Scott 0-0: Ball
Ruben Yim steals 2nd base
1-0: Foul Ball, location: 2F
1-1: Foul Ball, location: 2F
1-2: Foul Ball, location: 2F
1-2: Foul Ball, location: 2F
1-2: Foul Ball, location: 2F
1-2: Fly out, F8 (Flyball, 8LS)
Bottom of the 3rd over - 0 runs, 1 hit, 0 errors, 1 left on base; Thunder Bay 0 - Kingston Township 0
TOP OF THE 4TH
Thunder Bay Northern Lions BC batting - Pitching for Kingston Township Legion : LHP Jason Schneider
Batting: LHB David Smith 0-0: Ball
1-0: Called Strike
1-1: Ball
2-1: Ball
3-1: Called Strike
3-2: SINGLE (Groundball, 34D)
Batting: RHB Denis Higgins 0-0: Called Strike
0-1: Foul Ball, location: 2F
0-2: Fly out, F8 (Line Drive, 89XD)
Batting: RHB Kenneth Noid 0-0: Ball
1-0: Ball
2-0: Ball
3-0: Base on Balls
David Smith to second
Batting: RHB Bartolo Morales 0-0: Called Strike
0-1: Ball
1-1: Ball
2-1: Grounds into double play, 5-4-3 (Groundball, 56)
Top of the 4th over - 0 runs, 1 hit, 0 errors, 1 left on base; Thunder Bay 0 - Kingston Township 0
BOTTOM OF THE 4TH
Kingston Township Legion batting - Pitching for Thunder Bay Northern Lions BC : RHP Anatoly Ivanovich
Batting: RHB EP Weston 0-0: Ball
1-0: Ball
2-0: Ball
3-0: Called Strike
3-1: Base on Balls
Batting: RHB Ron Bernard 0-0: Ball
1-0: Swinging Strike
1-1: Ball
2-1: Ball
3-1: Foul Ball, location: 2F
3-2: Foul Ball, location: 2F
3-2: 2-RUN HOME RUN (Line Drive, 7D), Distance : 412 ft
Batting: RHB Clarence Neal 0-0: Ball
1-0: Foul Ball, location: 2F
1-1: Ball
2-1: Ball
3-1: Base on Balls
Batting: RHB Dani Trejo 0-0: SINGLE (Groundball, 56D)
Clarence Neal to second
Batting: RHB Júlio Rodríguez 0-0: Ball
1-0: Fielders Choice at 2nd, 6-4 (Groundball, 6)
Clarence Neal to third
Batting: RHB José Icaza 0-0: Ball
1-0: Called Strike
1-1: Ball
2-1: Grounds into double play, 6-4-3 (Groundball, 6)
Bottom of the 4th over - 2 runs, 2 hits, 0 errors, 1 left on base; Thunder Bay 0 - Kingston Township 2
TOP OF THE 5TH
Thunder Bay Northern Lions BC batting - Pitching for Kingston Township Legion : LHP Jason Schneider
Batting: RHB Rafael Pueblo 0-0: Ball
1-0: Fly out, F3 (Popup, 34)
Batting: RHB Pedro Torres 0-0: Fly out, F8 (Flyball, 8RM)
Batting: LHB Carlos Germán 0-0: Called Strike
0-1: Ball
1-1: Ball
2-1: Called Strike
2-2: Strikes out swinging
Top of the 5th over - 0 runs, 0 hits, 0 errors, 0 left on base; Thunder Bay 0 - Kingston Township 2
BOTTOM OF THE 5TH
Kingston Township Legion batting - Pitching for Thunder Bay Northern Lions BC : RHP Anatoly Ivanovich
Batting: RHB Juanito González 0-0: Ball
1-0: Called Strike
1-1: Swinging Strike
1-2: Fly out, F9 (Flyball, 9LMF)
Batting: LHB Ruben Yim 0-0: Called Strike
0-1: Bunted foul
0-2: Ball
1-2: Ball
2-2: Ball
3-2: Base on Balls
Batting: RHB Jim Scott 0-0: Ball
1-0: Ball
2-0: Grounds into double play, 4-6-3 (Groundball, 4)
Bottom of the 5th over - 0 runs, 0 hits, 0 errors, 0 left on base; Thunder Bay 0 - Kingston Township 2
TOP OF THE 6TH
Thunder Bay Northern Lions BC batting - Pitching for Kingston Township Legion : LHP Jason Schneider
Batting: RHB António Mendoza 0-0: Foul Ball, location: 2F
0-1: Ball
1-1: Foul Ball, location: 2F
1-2: Ground out 5-3 (Groundball, 5L)
Batting: LHB Luis Freitas 0-0: Swinging Strike
0-1: Ball
1-1: Ground out 3-1 (Groundball, 34)
Batting: LHB David Smith 0-0: Ball
1-0: Ball
2-0: Ball
3-0: Base on Balls
Batting: RHB Denis Higgins 0-0: Ball
1-0: Ball
2-0: Ball
3-0: Called Strike
3-1: Called Strike
3-2: Base on Balls
David Smith to second
Pitching: RHP Anthony Ledesma
Batting: RHB Kenneth Noid 0-0: Fielders Choice at 2nd, 5-4 (Groundball, 5)
Top of the 6th over - 0 runs, 0 hits, 0 errors, 2 left on base; Thunder Bay 0 - Kingston Township 2
BOTTOM OF THE 6TH
Kingston Township Legion batting - Pitching for Thunder Bay Northern Lions BC : RHP Anatoly Ivanovich
Batting: RHB EP Weston 0-0: Ball
1-0: Ball
2-0: Ball
3-0: Base on Balls
Batting: RHB Ron Bernard 0-0: Called Strike
0-1: Ball
1-1: Called Strike
1-2: Ball
2-2: Fly out, F7 (Flyball, 7)
Batting: RHB Clarence Neal 0-0: Ball
1-0: Foul Ball, location: 2F
1-1: Grounds into double play, 6-4-3 (Groundball, 6)
Bottom of the 6th over - 0 runs, 0 hits, 0 errors, 0 left on base; Thunder Bay 0 - Kingston Township 2
TOP OF THE 7TH
Thunder Bay Northern Lions BC batting - Pitching for Kingston Township Legion : RHP Anthony Ledesma
Batting: RHB Bartolo Morales 0-0: Ground out 5-3 (Groundball, 56)
Batting: RHB Rafael Pueblo 0-0: Called Strike
0-1: Called Strike
0-2: Strikes out looking
Batting: RHB Pedro Torres 0-0: Ball
1-0: Swinging Strike
1-1: Called Strike
1-2: Ball
2-2: Foul Ball, location: 2F
2-2: Foul Ball, location: 2F
2-2: Fly out, F8 (Flyball, 8LS)
Top of the 7th over - 0 runs, 0 hits, 0 errors, 0 left on base; Thunder Bay 0 - Kingston Township 2
BOTTOM OF THE 7TH
Kingston Township Legion batting - Pitching for Thunder Bay Northern Lions BC : RHP Anatoly Ivanovich
Batting: RHB Dani Trejo 0-0: Ball
1-0: Ball
2-0: Ball
3-0: Called Strike
3-1: Foul Ball, location: 2F
3-2: TRIPLE (Line Drive, 7D)
Pitching: RHP Rafael García
Batting: RHB Júlio Rodríguez 0-0: Called Strike
0-1: Swinging Strike
0-2: Foul Ball, location: 2F
0-2: Ball
1-2: Foul Ball, location: 2F
1-2: Foul Ball, location: 2F
1-2: Foul Ball, location: 2F
1-2: Foul Ball, location: 2F
1-2: Ball
2-2: Ground out 5-3 (Groundball, 56S)
Batting: RHB José Icaza 0-0: Ball
1-0: Ball
2-0: Foul Ball, location: 2F
2-1: Ball
3-1: Swinging Strike
3-2: Base on Balls
Batting: RHB Juanito González 0-0: Called Strike
0-1: Ball
1-1: Ball
2-1: SINGLE (Groundball, 56) (infield hit)
Dani Trejo scores
José Icaza to second
Batting: LHB Ruben Yim 0-0: SINGLE (Flyball, 8LS)
José Icaza to third
Juanito González to second
Batting: RHB Jim Scott 0-0: Called Strike
0-1: Ball
1-1: Ball
2-1: Ball
3-1: Foul Ball, location: 2F
3-2: Strikes out swinging
Batting: RHB EP Weston 0-0: Foul Ball, location: 2F
0-1: Ball
1-1: Ball
2-1: Foul Ball, location: 2F
2-2: Fielders Choice at 2nd, 6-4 (Groundball, 6)
Bottom of the 7th over - 1 run, 3 hits, 0 errors, 3 left on base; Thunder Bay 0 - Kingston Township 3
TOP OF THE 8TH
Thunder Bay Northern Lions BC batting - Pitching for Kingston Township Legion : RHP Anthony Ledesma
Batting: LHB Carlos Germán 0-0: Foul Ball, location: 2F
0-1: Called Strike
0-2: Ball
1-2: Foul Ball, location: 2F
1-2: Foul Ball, location: 2F
1-2: Fly out, F8 (Flyball, 8RD)
Batting: RHB António Mendoza 0-0: Ground out 5-3 (Groundball, 5L)
Batting: LHB Luis Freitas 0-0: Called Strike
0-1: Ball
1-1: Ball
2-1: SINGLE (Line Drive, 89M)
Batting: LHB David Smith 0-0: Called Strike
0-1: Swinging Strike
0-2: Ball
1-2: Ball
2-2: Ball
3-2: SINGLE (Flyball, 9LS)
Luis Freitas to second
Luis Freitas to third
Batting: RHB Denis Higgins 0-0: Swinging Strike
0-1: SINGLE (Line Drive, 56D)
Luis Freitas scores
David Smith to second
Pinch Hitting: SHB Jason Alexander 0-0: Foul Ball, location: 2F
0-1: Foul Ball, location: 2F
0-2: Foul Ball, location: 2F
0-2: Ball
1-2: SINGLE (Flyball, 7S)
David Smith to third
Denis Higgins to second
Runner from 3rd tries for Home, throw and OUT!
Top of the 8th over - 1 run, 4 hits, 0 errors, 2 left on base; Thunder Bay 1 - Kingston Township 3
BOTTOM OF THE 8TH
Kingston Township Legion batting - Pitching for Thunder Bay Northern Lions BC : RHP Rafael García
Pitching: LHP Cherles Gachineiro
Now at SS: Edgardo Castro
Batting: RHB Ron Bernard 0-0: Foul Ball, location: 2F
0-1: Ground out U3 (Groundball, 34)
Batting: RHB Clarence Neal 0-0: Fly out, F8 (Flyball, 8RXD)
Batting: RHB Dani Trejo 0-0: Foul Ball, location: 2F
0-1: Swinging Strike
0-2: Ball
1-2: Foul Ball, location: 2F
1-2: Ball
2-2: Ball
3-2: DOUBLE (Groundball, 5L)
Batting: RHB Júlio Rodríguez 0-0: Ball
1-0: Ball
2-0: Called Strike
2-1: SINGLE (Line Drive, 78M)
Dani Trejo to third
Batting: RHB José Icaza 0-0: Ball
1-0: Ball
2-0: Foul Ball, location: 2F
2-1: Foul Ball, location: 2F
2-2: Ball
3-2: Ground out 6-3 (Groundball, 6)
Bottom of the 8th over - 0 runs, 2 hits, 0 errors, 2 left on base; Thunder Bay 1 - Kingston Township 3
TOP OF THE 9TH
Thunder Bay Northern Lions BC batting - Pitching for Kingston Township Legion : RHP Anthony Ledesma
Pitching: RHP John Riggleman
Batting: RHB Bartolo Morales 0-0: Ball
1-0: Ball
2-0: Swinging Strike
2-1: Ground out 6-3 (Groundball, 6S)
Batting: RHB Rafael Pueblo 0-0: Ball
1-0: Called Strike
1-1: Called Strike
1-2: Ground out 5-3 (Groundball, 56)
Batting: RHB Pedro Torres 0-0: Ball
1-0: Foul Ball, location: 2F
1-1: Ball
2-1: Ball
3-1: Fly out, F6 (Line Drive, 6)
Top of the 9th over - 0 runs, 0 hits, 0 errors, 0 left on base; Thunder Bay 1 - Kingston Township 3
Tuesday, June 12th, 2018 - OOTP Baseball 18.8 Build 76